NCAA
TEXAS A&M AGGIES @ GEORGETOWN HOYAS
05/18/2026
 
TOP OF THE 1ST
Texas A&M Aggies batting - Pitching for Georgetown Hoyas : RHP Mario López
Pitching: RHP Mario López
Batting: RHB Brandon Townsley 0-0: Ball
1-0: Ball
2-0: Ball
3-0: Called Strike
3-1: Foul Ball, location: 2F
3-2: Base on Balls
Batting: LHB Kevin Holley 0-0: Ball
1-0: SINGLE (Line Drive, 4M)
Brandon Townsley to second
Batting: LHB Dave Bryant 0-0: Called Strike
0-1: Ball
1-1: Ball
2-1: Ball
3-1: Fly out, F8 (Line Drive, 8LD)
Runner from 2nd tags up, SAFE at 3rd, no throw
Batting: LHB Walt Brown 0-0: Swinging Strike
0-1: Ball
1-1: Swinging Strike
1-2: Strikes out looking
Batting: RHB Lawrence Davidson 0-0: Ball
1-0: Ball
2-0: Ball
3-0: Called Strike
3-1: Fly out, F3 (Popup, 3F)
Top of the 1st over - 0 run(s), 1 hit(s), 0 error(s), 2 left on base; Texas A&M 0 - Georgetown 0
BOTTOM OF THE 1ST
Georgetown Hoyas batting - Pitching for Texas A&M Aggies : LHP Terry Morris
Pitching: LHP Terry Morris
Batting: RHB Bob Lee 0-0: Ball
1-0: Foul Ball, location: 2F
1-1: Fly out, F9 (Flyball, 89M)
Batting: LHB José De La Cruz 0-0: Ground out 6-3 (Groundball, 6)
Batting: RHB Hubert MacDonald 0-0: Ball
1-0: SINGLE (Groundball, 56)
Batting: LHB Ken Bullard 0-0: Called Strike
0-1: Called Strike
0-2: Ball
1-2: Strikes out swinging
Bottom of the 1st over - 0 run(s), 1 hit(s), 0 error(s), 1 left on base; Texas A&M 0 - Georgetown 0
TOP OF THE 2ND
Texas A&M Aggies batting - Pitching for Georgetown Hoyas : RHP Mario López
Batting: RHB Kevin Wilson 0-0: Called Strike
0-1: Fly out, F8 (Popup, 78S)
Batting: RHB Irwin Robinson 0-0: Ball
1-0: Called Strike
1-1: Swinging Strike
1-2: SINGLE (Groundball, 56D)
Batting: RHB Paul Stewart 0-0: Ball
Wild Pitch!
Irwin Robinson to second
1-0: Foul Ball, location: 2F
1-1: SINGLE (Line Drive, 7S)
Irwin Robinson to third
Batting: RHB César Cortéz 0-0: Called Strike
0-1: Ball
1-1: Ball
2-1: Called Strike
2-2: Ball
3-2: Foul Ball, location: 2F
3-2: Base on Balls
Paul Stewart to second
Batting: RHB Brandon Townsley 0-0: Foul Ball, location: 2F
0-1: Ball
Wild Pitch!
Irwin Robinson scores
Paul Stewart to third
César Cortéz to second
1-1: Ball
Wild Pitch!
Paul Stewart scores
César Cortéz to third
2-1: Fly out, F6 (Popup, 6)
Batting: LHB Kevin Holley 0-0: SINGLE (Line Drive, 4MD)
César Cortéz scores
Batting: LHB Dave Bryant 0-0: Ball
1-0: Ball
2-0: Foul Ball, location: 2F
2-1: Foul Ball, location: 2F
2-2: Strikes out swinging
Top of the 2nd over - 3 run(s), 3 hit(s), 0 error(s), 1 left on base; Texas A&M 3 - Georgetown 0
BOTTOM OF THE 2ND
Georgetown Hoyas batting - Pitching for Texas A&M Aggies : LHP Terry Morris
Batting: RHB Brian Harvey 0-0: Called Strike
0-1: Ball
1-1: Ball
2-1: Ball
3-1: Called Strike
3-2: Foul Ball, location: 2F
3-2: Foul Ball, location: 2F
3-2: Strikes out swinging
Batting: RHB Glenn Rojas 0-0: Ball
1-0: SINGLE (Flyball, 8LS)
Batting: LHB Chris Smith 0-0: Called Strike
0-1: Called Strike
0-2: Ball
1-2: Ground out 1-3 (Groundball, 3S)
Glenn Rojas to second
Batting: LHB Robinson Ordóńez 0-0: Foul Ball, location: 2F
0-1: Ball
1-1: Swinging Strike
1-2: Fly out, F7 (Line Drive, 78M)
Bottom of the 2nd over - 0 run(s), 1 hit(s), 0 error(s), 1 left on base; Texas A&M 3 - Georgetown 0
TOP OF THE 3RD
Texas A&M Aggies batting - Pitching for Georgetown Hoyas : RHP Mario López
Batting: LHB Walt Brown 0-0: Called Strike
0-1: Ball
1-1: SOLO HOME RUN (Flyball, 78XD), Distance : 371 ft
Batting: RHB Lawrence Davidson 0-0: Ball
1-0: Called Strike
1-1: Ball
2-1: Called Strike
2-2: SOLO HOME RUN (Flyball, 78XD), Distance : 376 ft
Batting: RHB Kevin Wilson 0-0: Called Strike
0-1: Swinging Strike
0-2: Ball
1-2: Ball
2-2: Ball
3-2: DOUBLE (Popup, 6D)
Batting: RHB Irwin Robinson 0-0: Called Strike
0-1: Foul Ball, location: 2F
0-2: Ball
1-2: Strikes out swinging
Batting: RHB Paul Stewart 0-0: Ball
1-0: Ball
2-0: Ball
3-0: Base on Balls
Batting: RHB César Cortéz 0-0: Called Strike
0-1: Swinging Strike
0-2: Ball
1-2: Ball
2-2: Foul Ball, location: 2F
2-2: Ball
3-2: Strikes out swinging
Batting: RHB Brandon Townsley 0-0: Ball
1-0: Called Strike
1-1: Ball
2-1: Called Strike
2-2: Fly out, F8 (Flyball, 8LM)
Top of the 3rd over - 2 run(s), 3 hit(s), 0 error(s), 2 left on base; Texas A&M 5 - Georgetown 0
BOTTOM OF THE 3RD
Georgetown Hoyas batting - Pitching for Texas A&M Aggies : LHP Terry Morris
Batting: RHB James Anderson 0-0: Ground out 4-3 (Groundball, 4)
Batting: RHB Bob Lee 0-0: Called Strike
0-1: Ball
1-1: Fly out, F8 (Flyball, 8LM)
Batting: LHB José De La Cruz 0-0: Ball
1-0: Foul Ball, location: 2F
1-1: Reached on error, E4 (Groundball, 4)
Batting: RHB Hubert MacDonald 0-0: Ball
1-0: Called Strike
1-1: Ball
2-1: Foul Ball, location: 2F
2-2: Strikes out swinging
Bottom of the 3rd over - 0 run(s), 0 hit(s), 1 error(s), 1 left on base; Texas A&M 5 - Georgetown 0
TOP OF THE 4TH
Texas A&M Aggies batting - Pitching for Georgetown Hoyas : RHP Mario López
Batting: LHB Kevin Holley 0-0: Ball
1-0: Ball
2-0: Called Strike
2-1: DOUBLE (Flyball, 78M)
Batting: LHB Dave Bryant 0-0: Called Strike
0-1: Ball
1-1: Foul Ball, location: 2F
1-2: Fly out, F9 (Flyball, 89M)
Batting: LHB Walt Brown 0-0: Ball
1-0: Ball
2-0: Ball
3-0: Called Strike
3-1: Foul Ball, location: 2F
3-2: Base on Balls
Pitching: RHP Don Jones
Batting: RHB Lawrence Davidson 0-0: Ball
1-0: Ball
2-0: Called Strike
2-1: Swinging Strike
2-2: Strikes out swinging
Batting: RHB Kevin Wilson 0-0: Ball
1-0: Ball
2-0: SINGLE (Groundball, 4D)
Kevin Holley to third
Walt Brown to second
Runner from 3rd tries for Home, SAFE, no throw or cutoff
Batting: RHB Irwin Robinson 0-0: Ball
1-0: Called Strike
1-1: Ground out 4-3 (Groundball, 34)
Top of the 4th over - 1 run(s), 2 hit(s), 0 error(s), 2 left on base; Texas A&M 6 - Georgetown 0
BOTTOM OF THE 4TH
Georgetown Hoyas batting - Pitching for Texas A&M Aggies : LHP Terry Morris
Batting: LHB Ken Bullard 0-0: Fly out, F6 (Popup, 4MD)
Batting: RHB Brian Harvey 0-0: Called Strike
0-1: Swinging Strike
0-2: Strikes out swinging
Batting: RHB Glenn Rojas 0-0: Foul Ball, location: 2F
0-1: Ball
1-1: Foul Ball, location: 2F
1-2: Ground out 5-3 (Groundball, 5S)
Bottom of the 4th over - 0 run(s), 0 hit(s), 0 error(s), 0 left on base; Texas A&M 6 - Georgetown 0
TOP OF THE 5TH
Texas A&M Aggies batting - Pitching for Georgetown Hoyas : RHP Don Jones
Batting: RHB Paul Stewart 0-0: Ball
1-0: Called Strike
1-1: Swinging Strike
1-2: Ball
2-2: Strikes out looking
Pitching: LHP Joseph Elliott
Batting: RHB César Cortéz 0-0: Called Strike
0-1: Called Strike
0-2: Strikes out swinging
Batting: RHB Brandon Townsley 0-0: Called Strike
0-1: Ball
1-1: Ground out 5-3 (Groundball, 5S)
Top of the 5th over - 0 run(s), 0 hit(s), 0 error(s), 0 left on base; Texas A&M 6 - Georgetown 0
BOTTOM OF THE 5TH
Georgetown Hoyas batting - Pitching for Texas A&M Aggies : LHP Terry Morris
Batting: LHB Chris Smith 0-0: Called Strike
0-1: Foul Ball, location: 2F
0-2: Foul Ball, location: 2F
0-2: Ball
1-2: Strikes out swinging
Batting: LHB Robinson Ordóńez 0-0: Ball
1-0: Called Strike
1-1: Ball
2-1: Ball
3-1: Base on Balls
Batting: RHB James Anderson 0-0: Fly out, F3 (Popup, 3SF)
Batting: RHB Bob Lee 0-0: Swinging Strike
0-1: SINGLE (Groundball, 34D)
Robinson Ordóńez to second
Runner from 2nd tries for 3rd, SAFE, throw made to third
Bob Lee to second
Batting: LHB José De La Cruz 0-0: Ball
1-0: Foul Ball, location: 2F
1-1: Ball
2-1: Ball
3-1: Base on Balls
Batting: RHB Hubert MacDonald 0-0: Called Strike
0-1: Ball
1-1: Ball
2-1: Foul Ball, location: 2F
2-2: Fly out, F9 (Line Drive, 89M)
Bottom of the 5th over - 0 run(s), 1 hit(s), 0 error(s), 3 left on base; Texas A&M 6 - Georgetown 0
TOP OF THE 6TH
Texas A&M Aggies batting - Pitching for Georgetown Hoyas : LHP Joseph Elliott
Batting: LHB Kevin Holley 0-0: SINGLE (Line Drive, 34D)
Batting: LHB Dave Bryant 0-0: Ball
1-0: Ball
2-0: Swinging Strike
2-1: Swinging Strike
2-2: Ball
3-2: Strikes out looking
Pitching: RHP Brandon Lee
Batting: LHB Walt Brown 0-0: Ball
1-0: Ball
Kevin Holley steals 2nd base
2-0: Fly out, F4 (Line Drive, 4)
Batting: RHB Lawrence Davidson 0-0: Reached on error, E6 (Groundball, 6)
Kevin Holley to third
Batting: RHB Kevin Wilson 0-0: Called Strike
0-1: Fielders Choice at 2nd, 6-4 (Groundball, 6)
Top of the 6th over - 0 run(s), 1 hit(s), 1 error(s), 1 left on base; Texas A&M 6 - Georgetown 0
BOTTOM OF THE 6TH
Georgetown Hoyas batting - Pitching for Texas A&M Aggies : LHP Terry Morris
Batting: LHB Ken Bullard 0-0: Called Strike
0-1: Ball
1-1: Ground out 4-3 (Groundball, 34)
Batting: RHB Brian Harvey 0-0: Swinging Strike
0-1: Swinging Strike
0-2: Foul Ball, location: 2F
0-2: SOLO HOME RUN (Flyball, 7D), Distance : 363 ft
Batting: RHB Glenn Rojas 0-0: Called Strike
0-1: Ball
1-1: Foul Ball, location: 2F
1-2: Strikes out swinging
Batting: LHB Chris Smith 0-0: Ball
1-0: SINGLE (Groundball, 56)
Pitching: RHP Jonathan Nieves
Batting: LHB Robinson Ordóńez 0-0: Ball
1-0: Ball
2-0: SINGLE (Line Drive, 89S)
Chris Smith to second
Batting: RHB James Anderson 0-0: Called Strike
0-1: Swinging Strike
0-2: Strikes out looking
Bottom of the 6th over - 1 run(s), 3 hit(s), 0 error(s), 2 left on base; Texas A&M 6 - Georgetown 1
TOP OF THE 7TH
Texas A&M Aggies batting - Pitching for Georgetown Hoyas : RHP Brandon Lee
Batting: RHB Irwin Robinson 0-0: Ball
1-0: SINGLE (Line Drive, 78S)
Batting: RHB Paul Stewart 0-0: Sac Bunt - play at first, batter OUT! 1-3
Irwin Robinson to second
Batting: RHB César Cortéz 0-0: Ball
1-0: Foul Ball, location: 2F
1-1: Swinging Strike
1-2: Ball
2-2: Ball
3-2: Base on Balls
Batting: RHB Brandon Townsley 0-0: Ball
1-0: Foul Ball, location: 2F
1-1: Foul Ball, location: 2F
1-2: Foul Ball, location: 2F
1-2: Strikes out looking
Batting: LHB Kevin Holley 0-0: Ball
1-0: Ball
2-0: Ball
3-0: Base on Balls
Irwin Robinson to third
César Cortéz to second
Batting: LHB Dave Bryant 0-0: Ball
1-0: Foul Ball, location: 2F
1-1: Ground out 4-3 (Groundball, 4)
Top of the 7th over - 0 run(s), 1 hit(s), 0 error(s), 3 left on base; Texas A&M 6 - Georgetown 1
BOTTOM OF THE 7TH
Georgetown Hoyas batting - Pitching for Texas A&M Aggies : RHP Jonathan Nieves
Batting: RHB Bob Lee 0-0: DOUBLE (Line Drive, 5D)
Batting: LHB José De La Cruz 0-0: Called Strike
0-1: Swinging Strike
0-2: Strikes out swinging
Monday, December 5th, 2016 - OOTP Baseball 17.12 Build 75